 Dungeon Crawl Stone Soup version 0.31-a0-1009-g454b1f1e0a (webtiles) character file.

Game seed: 10560820596378575813

36 Nedwor the Chopper (level 3, 31/31 HPs)
             Began as a Minotaur Gladiator on Nov 14, 2023.
             Quit the game on level 2 of the Dungeon.
             The game lasted 00:01:03 (842 turns).

Nedwor the Chopper (Minotaur Gladiator)              Turns: 842, Time: 00:01:03

Health: 31/31      AC:  9    Str: 18    XL:     3   Next: 19%
Magic:  2/2        EV:  8    Int:  5    God:
Gold:   60         SH:  0    Dex: 13    Spells: 2/2 levels left

rFire   . . .        a - +0 war axe
rCold   . . .        (no shield)
rNeg    . . .        k - +0 chain mail
rPois   .            c - +0 hat
rElec   .            n - +0 cloak
rCorr   .            (no gloves)
SInv    .            (no boots)
Will    .....        (no amulet) Stlth
                     (no ring)
HPRegen 0.25/turn    (no ring)
MPRegen 0.08/turn

%: no passive effects
@: no status effects
A: horns 2, retaliatory headbutt
a: no special abilities


You were on level 2 of the Dungeon.
You visited 1 branch of the dungeon, and saw 2 of its levels.

You collected 60 gold pieces.

Inventory:

Hand Weapons
 a - a +0 war axe (weapon)
Missiles
 d - 3 throwing nets (quivered)
 e - a javelin
Armour
 c - a +0 hat (worn)
 k - a +0 chain mail (worn)
 n - a +0 cloak (worn)
Jewellery
 i - a +6 ring of dexterity
 o - a +6 ring of strength
Scrolls
 b - a scroll of blinking {unknown}
 g - a scroll of identify {unknown}
 h - a scroll of fog {unknown}
 j - a scroll of torment {unknown}
 l - a scroll of teleportation {unknown}
 m - a scroll of poison {unknown}
Potions
 f - 4 potions of heal wounds {unknown}


   Skills:
 + Level 3.0 Fighting
 * Level 4.5 Axes
 - Level 2.0 Throwing
 + Level 1.4 Armour
 - Level 3.2 Dodging


You had 2 spell levels left.
You didn't know any spells.
Your spell library was empty.

Dungeon Overview and Level Annotations

Branches:
Dungeon (2/15)

Altars:


Innate Abilities, Weirdness & Mutations

You have a pair of horns on your head.
You reflexively headbutt those who attack you in melee.


Message History

o - a +6 ring of strength Done exploring.
Done exploring.
Done exploring.
No target in view!
Done exploring.
Done exploring.
No target in view!
What level of the Dungeon? (default 1, ? - help)
There is a stone staircase leading down here.
You climb downwards.
There is a stone staircase leading up here.
Found a stone staircase leading up.
You open the door.
There is an open door here.
You now have 44 gold pieces (gained 12).
You now have 60 gold pieces (gained 16).
You open the door.
Found 4 stones.
No target in view!
There is an open door here.
You see here 4 stones.
An adder comes into view.
An adder is nearby!
An adder is nearby!
An adder is nearby!
You miss the adder. The adder misses you.
The adder bites you but does no damage.
You barely miss the adder. Your headbutt misses the adder.
The adder bites you but does no damage.
You miss the adder.
The adder bites you but does no damage. x2
You hit the adder. You headbutt the adder!
You kill the adder!
Your Fighting skill increases to level 3!
You have reached level 3!
Your experience leads to an increase in your attributes!
Increase (S)trength, (I)ntelligence, or (D)exterity?
You feel agile. x2
A kobold comes into view. It is wielding a +0 short sword.
Are you sure you want to abandon this character and quit the game? (Confirm with "yes".)

#### #..
#######.#
#.......######
#.......#....#
.###.......#....#
.......@...#....#
.......###.#....#
#......
#.#....######.#
#......
#.#....#......#
#!.....
#.#......###..#
#......
#.#.###.......#
#.K....
#.#..#<......##
#......
#.#..#.######.#
#.#.##........#


You could see a kobold.

Vanquished Creatures
  A gnoll (D:1)
  An adder (D:2)
  An endoplasm (D:1)
  A goblin (D:1)
  2 hobgoblins (D:1)
  A quokka (D:1)
  A ball python (D:1)
  3 bats (D:1)
  2 frilled lizards (D:1)
  3 kobolds (D:1)
  5 rats (D:1)
21 creatures vanquished.

Notes
Turn   | Place    | Note
-------+----------+-------------------------------------------
     0 | D:1      | Nedwor the Minotaur Gladiator began the quest for the Orb.
     0 | D:1      | Reached XP level 1. HP: 18/18 MP: 0/0
   232 | D:1      | Reached skill level 4 in Axes
   285 | D:1      | Reached XP level 2. HP: 22/25 MP: 1/1
   430 | D:1      | Reached skill level 1 in Armour
   840 | D:2      | Reached XP level 3. HP: 31/31 MP: 2/2
   842 | D:2      | Quit the game

Illustrated notes

Levels and vault maps discovered:
D:1:      psy_arrival_basics, layout_loops_cross
D:2:      layout_basic, serial_shops, shop

Skill      XL: |  1  2 |
---------------+-------+-----
Axes           | 4 |  4.5
Armour         | 1 |  1.4
Fighting       | 3 |  3.0
Throwing       | |  2.0
Dodging        | |  3.2

Action                     || total
---------------------------++-------
  Melee: War axe           ||    44
         Headbutt          ||     7
 Armour: Leather armour    ||    10
         Scale mail        ||     3
         Chain mail        ||    16
  Dodge: Dodged            ||    16

Table legend: (Time is in decaauts)
 A = Elapsed time spent in this place.
 B = Non-inter-level travel time spent in this place.
 C = Inter-level travel time spent in this place.
 D = Time resting spent in this place.
 E = Time spent auto-exploring this place.
 F = Levels seen in this place.
 G = Mean time per level.
                   A        B        C        D        E       F      G
               +--------+--------+--------+--------+--------+-----+--------+
         Total |    854 |    798 |     56 |      0 |    639 |   2 |  427.0 |
       Dungeon |    854 |    798 |     56 |      0 |    639 |   2 |  427.0 |
               +--------+--------+--------+--------+--------+-----+--------+

Top non-repeatable levels by time:
     D:1: 783 daAuts
     D:2: 71 daAuts
